 Dungeon Crawl Stone Soup version 0.28-a0-938-gbc3f381ebc (webtiles) character file.

Game seed: 922588940100042329

32 siradein the Charlatan (level 3, -2/27 HPs)
             Began as a Demonspawn Artificer on Nov 28, 2021.
             Slain by an adder (3 damage)
             ... on level 1 of the Dungeon.
             The game lasted 00:01:32 (1723 turns).

siradein the Charlatan (Demonspawn Artificer)       Turns: 1723, Time: 00:01:32

Health: -2/27      AC:  3    Str: 19    XL:     3   Next: 8%
Magic:  3/3        EV: 11    Int: 12    God:
Gold:   17         SH:  0    Dex: 13    Spells: 2/2 levels left

rFire   . . .      SeeInvis .   h - +0 whip
rCold   . . .      Faith    .   (no shield)
rNeg    . . .      Spirit   .   b - +0 leather armour
rPois   .          Reflect  .   (no helmet)
rElec   .          Harm     .   (no cloak)
rCorr   .          Rampage  .   (no gloves)
Will    .....                   (no boots)
Stlth   +.........              (no amulet)
HPRegen 0.09/turn               f - +6 ring of strength
MPRegen 0.08/turn               (no ring)

@: no status effects
A: demonic magic 1
a: no special abilities


You were on level 1 of the Dungeon.
You visited 1 branch of the dungeon, and saw 2 of its levels.

You collected 17 gold pieces.

Inventory:

Hand Weapons
 h - a +0 whip (weapon)
Armour
 b - a +0 leather armour (worn)
Jewellery
 f - a +6 ring of strength (left hand)
Wands
 c - a wand of flame (13) (quivered)
 d - a wand of charming (15)
Scrolls
 g - a scroll of acquirement {unknown}
 i - a scroll of torment {unknown}
Potions
 a - a potion of lignification {unknown}
Miscellaneous
 e - a piece from Xom's chessboard (15/15)


   Skills:
 + Level 1.6 Fighting
 + Level 0.2 Maces & Flails
 + Level 2.2 Armour
 + Level 1.4 Dodging
 - Level 0.8 Stealth
 + Level 3.3 Evocations


You had 2 spell levels left.
You didn't know any spells.
Your spell library was empty.

Dungeon Overview and Level Annotations

Branches:
Dungeon (2/15)

Altars:


Innate Abilities, Weirdness & Mutations

Spells you cast may paralyse adjacent enemies.


Message History

No target in view!
No target in view!
You climb downwards.
The adder bites you.
You are poisoned.
The adder poisons you! The endoplasm hits you.
There is a stone staircase leading up here.
You feel sick. The adder bites you.
You are more poisoned.
The adder poisons you! The endoplasm misses you. The adder closely misses you.
You climb upwards.
You feel sick.
There is a stone staircase leading down, spattered with blood here.
The puff of flame hits the endoplasm.
The endoplasm is severely wounded.
You feel sick. The adder bites you. The endoplasm hits you.
You barely miss the endoplasm.
The endoplasm is severely wounded.
You feel sick. The adder bites you. The endoplasm closely misses you.
You feel sick. The adder misses you.
You feel sick.
You are no longer poisoned.
The adder closely misses you.
There is an open door here.
The adder bites you but does no damage. The adder bites you but does no damage.
You barely miss the adder. The adder bites you.
* * * LOW HITPOINT WARNING * * *
You are poisoned.
The adder poisons you!
You closely miss the adder.
You feel sick. The adder bites you.
* * * LOW HITPOINT WARNING * * *
The adder barely misses you.
You closely miss the adder.
* * * LOW HITPOINT WARNING * * *
You feel sick. The adder barely misses you.
You miss the adder.
* * * LOW HITPOINT WARNING * * *
You feel sick.
You are no longer poisoned.
The adder bites you.
You die...

####'#######.........
#....................
#....................
#....................
#...............#####
####.#####......# #J#
#......# #S# #......#
#@# #......# #.#
#.(....# #.# #......#
#.# #......# #.#
#.....(#
#.################
#.......# #......
#.......# #......
#)......# #......


You could see an adder and an endoplasm.

Vanquished Creatures
  2 dart slugs (D:1)
  5 endoplasms (D:1)
  3 giant cockroaches (D:1)
  2 goblins (D:1)
  2 hobgoblins (D:1)
  A quokka (D:1)
  A ball python (D:1)
  3 bats (D:1)
  2 frilled lizards (D:1)
  2 kobolds (D:1)
  3 rats (D:1)
26 creatures vanquished.

Notes
Turn   | Place    | Note
-------+----------+-------------------------------------------
     0 | D:1      | siradein the Demonspawn Artificer began the quest for the
                  | Orb.
     0 | D:1      | Reached XP level 1. HP: 15/15 MP: 1/1
    67 | D:1      | Reached skill level 1 in Dodging
   368 | D:1      | Gained mutation: Spells you cast may paralyse adjacent
                  | enemies. [demonic ancestry]
   368 | D:1      | Reached XP level 2. HP: 15/21 MP: 2/2
   893 | D:1      | Found a faded altar of an unknown god.
  1391 | D:1      | Reached XP level 3. HP: 26/26 MP: 3/3
  1723 | D:1      | HP: 1/27 [poisoned by an adder]
  1723 | D:1      | Slain by an adder

Illustrated notes

Levels and vault maps discovered:
D:1:      kennysheep_arrival_forest, layout_basic,
          hellmonk_ecumenical_altar_crossroads
D:2:      cheibrodos_greedy_goblins, layout_rooms, basic_altar, uniq_natasha

Skill      XL: |  1 |
---------------+----+-----
Dodging        | 1 |  1.4
Armour         | 2 |  2.2
Fighting       | |  1.6
Maces & Flails | |  0.2
Stealth        | |  0.8
Evocations     | |  3.3

Action                   || total
-------------------------++-------
Melee: Club              ||    29
       Short sword       ||    44
       Whip              ||    38
Evoke: Wand              ||     2
 Stab: Sleeping          ||     1
Armor: Leather armour    ||    35
Dodge: Dodged            ||    76

Table legend: (Time is in decaauts)
 A = Elapsed time spent in this place.
 B = Non-inter-level travel time spent in this place.
 C = Inter-level travel time spent in this place.
 D = Time resting spent in this place.
 E = Time spent auto-exploring this place.
 F = Levels seen in this place.
 G = Mean time per level.
                   A        B        C        D        E       F      G
               +--------+--------+--------+--------+--------+-----+--------+
         Total |   1740 |   1699 |     41 |     36 |   1399 |   2 |  870.0 |
       Dungeon |   1740 |   1699 |     41 |     36 |   1399 |   2 |  870.0 |
               +--------+--------+--------+--------+--------+-----+--------+

Top non-repeatable levels by time:
     D:1: 1710 daAuts
     D:2: 30 daAuts
